 Dungeon Crawl Stone Soup version 0.29-a0-284-gf9362112df (webtiles) character file.

Game seed: 1363744015339965630

3777 IEatYoBabies the Ruffian (level 9, -4/88 HPs)
             Began as a Troll Fighter on Mar 27, 2022.
             Was a Follower of Uskayaw.
             Slain by an orc warrior
             ... wielding a +0 glaive
              (24 damage)
             ... in a bailey.
             The game lasted 00:16:11 (6622 turns).

IEatYoBabies the Ruffian (Troll Fighter)            Turns: 6622, Time: 00:16:12

Health: -4/88      AC:  8    Str: 30    XL:     9   Next: 95%
Magic:  10/10      EV: 11    Int:  4    God:    Uskayaw [*.....]
Gold:   411        SH: 10    Dex: 15    Spells: 8/8 levels left

rFire   . . .      SeeInvis .     - Unarmed
rCold   . . .      Faith    .   b - +1 kite shield
rNeg    . . .      Spirit   .   a - +0 robe
rPois   .          Reflect  .   (helmet restricted)
rElec   .          Harm     .   C - scarf {+Inv}
rCorr   .          Rampage  .   (gloves unavailable)
Will    .....                   (boots unavailable)
Stlth   ++........              (no amulet)
HPRegen 1.04/turn               g - +4 ring of protection
MPRegen 0.12/turn               G - +6 ring of dexterity

@: about to teleport
A: large, unfitting armour, claws 3, regeneration 1, shaggy fur 1, tough skin 1
a: Renounce Religion, Evoke Invisibility, Stomp


You were in a bailey.
You worshipped Uskayaw.
Uskayaw was noncommittal.
You visited 2 branches of the dungeon, and saw 9 of its levels.
You also visited: Ossuary and Bailey.

You collected 411 gold pieces.

Inventory:

Missiles
 x - 2 throwing nets
 y - 36 poisoned darts
Armour
 a - a +0 robe (worn)
 b - a +1 kite shield (worn)
 C - a scarf of invisibility (worn)
Jewellery
 g - a +4 ring of protection (left claw)
 h - a +6 ring of intelligence
 i - a ring of see invisible
 G - a +6 ring of dexterity (right claw)
Wands
 o - a wand of paralysis (12)
 p - a wand of flame (41) (quivered)
Scrolls
 d - a scroll of fog {unknown}
 e - a scroll of noise {unknown}
 k - 3 scrolls of enchant armour
 q - 2 scrolls of enchant weapon
 r - 2 scrolls of immolation
 s - 2 scrolls of teleportation
 u - 2 scrolls of blinking
 w - 2 scrolls of magic mapping {unknown}
 E - a scroll of fear {unknown}
Potions
 c - 2 potions of might
 f - a potion of magic {unknown}
 j - a potion of curing
 l - 2 potions of lignification
 m - 2 potions of attraction {unknown}
 n - 2 potions of flight {unknown}
 t - 2 potions of haste {unknown}
 v - a potion of mutation
 z - a potion of ambrosia {unknown}
 A - 2 potions of brilliance
 B - 2 potions of degeneration {unknown}
 D - 2 potions of heal wounds {unknown}


   Skills:
 * Level 5.0 Fighting
 * Level 6.0 Dodging
 + Level 2.3 Stealth
 * Level 5.7 Shields
 + Level 7.6 Unarmed Combat
 * Level 3.4 Invocations
 * Level 1.4 Evocations


You had 8 spell levels left.
You didn't know any spells.
Your spell library contained the following spells:

 Spells                   Type           Power      Damage    Failure   Level
 Corpse Rot               Necr/Air       0%         N/A       88%         2
 Summon Guardian Golem    Hex/Summ       0%         N/A       98%         3
 Dispel Undead            Necr           0%         3d6       100%        4
 Death Channel            Necr           0%         N/A       100%        6
 Orb of Destruction       Conj           0%         9d5       100%        7
 Spellforged Servitor     Conj/Summ      0%         N/A       100%        7


Dungeon Overview and Level Annotations

Branches:
Dungeon (8/15)             Temple (1/1) D:4         Ossuary (visited)
 Bailey (1/1)
   Lair: D:8-11

Altars:
Ashenzari
Cheibriados
Dithmenos
Elyvilon
Fedhas
Gozag
Hepliaklqana
Kikubaaqudgha
Makhleb
Nemelex Xobeh
Okawaru
Qazlal
Ru
Sif Muna
Trog
Uskayaw
Vehumet
Xom
Yredelemnul
Zin
The Shining One

Annotations:
D:3 1 exclusion
D:7 Menkaure


Innate Abilities, Weirdness & Mutations

You are too large for most types of armour.
You have claws for hands.
Your natural rate of healing is unusually fast.
You are covered in fur. (AC +1)
You have tough skin. (AC +1)


Message History

The orc warrior hits you from afar with a +0 spear.
The orc shouts!
There is a large open door here.
The orc hits you from afar with a +0 spear.
An orc warrior comes into view. It is wielding a +0 glaive.
The orc warrior hits you with a +0 spear!
The orc hits you but does no damage.
You completely miss the orc warrior.
An orc knight comes into view. It is wielding a +0 halberd.
The orc knight shouts!
The orc warrior hits you with a +0 spear!
The orc barely misses you. You block the orc's attack. x2
You claw the orc warrior!
The orc warrior is moderately wounded.
The orc knight roars a battlecry!
The orcs go into a battle-frenzy!
The orc warrior hits you with a +0 spear!
You block the orc warrior's attack. The orc hits you but does no damage. x2
The orc curses loudly.
The orc misses you.
Unknown command.
You closely miss the orc warrior.
The orc warrior is moderately wounded.
You block the orc warrior's attack. You block the orc's attack.
The orc closely misses you. You block the orc's attack.
Unknown command.
Unknown command.
As you read the scroll of teleportation, it crumbles to dust.
You feel strangely unstable.
The orc warrior hits you with a +0 spear!
The orc warrior closely misses you. The orc hits you but does no damage.
The orc hits you from afar with a +0 spear.
You block the orc's attack. You block the orc warrior's attack.
The orc warrior hits you with a +0 glaive!!
* * * LOW HITPOINT WARNING * * *
The orc hits you but does no damage. You block the orc warrior's attack.
The orc warrior hits you from afar with a +0 glaive!!
You die...

#..'.................
#..#........).)....∩.
#8o#...######........
######oo#.o..≈≈≈≈..♣......
........##o..≈≈≈≈..♣♣...♣♣
.......).#oo.≈≈≈≈.....###
#######.$#.o≈≈≈≈≈..####
####.o≈≈≈≈...#
♣@.≈≈≈≈≈..♣# ♣.≈≈≈≈≈..♣
♣≈≈≈≈≈♣♣♣♣ ♣≈≈≈≈≈♣ #######


You could see an orc knight, 2 orc warriors and 3 orcs.

Vanquished Creatures
  Grinder (D:3)
  A hornet (D:5)
  Eustachio (D:5)
  A wraith (Ossuary)
  Edmund (D:6)
  3 orc warriors
  2 ice beasts (D:6)
  A black bear (D:5)
  A sky beast (D:6)
  An ogre (D:6)
  4 centaurs
  2 phantoms
  Blork the orc (D:5)
  5 kobold brigands (D:6)
  2 bullfrogs
  2 necrophages
  3 jellies
  3 hounds (D:6)
  2 orc priests
  A human zombie (Ossuary)
  Jessica (D:2)
  3 iguanas (D:6)
  Terence (D:2)
  Ijyb (D:3)
  Natasha (thrice) (D:2)
  7 orc wizards
  Robin (D:3)
  3 mummies (Ossuary)
  13 gnolls
  7 adders
  A shadow imp (D:6)
  An ufetubus (D:5)
  A worm (D:3)
  2 dart slugs (D:4)
  16 orcs
  9 bats
  11 endoplasms
  4 giant cockroaches
  20 goblins
  14 hobgoblins
  8 jackals
  30 kobolds
  3 quokkas
  12 ball pythons
  4 frilled lizards
  6 goblin zombies (Ossuary)
  A hobgoblin zombie (Ossuary)
  6 kobold zombies (Ossuary)
  3 rats (D:1)
230 creatures vanquished.

Vanquished Creatures (others)
  A fungus (D:2)
  A plant (D:1)
2 creatures vanquished.

Grand Total: 232 creatures vanquished

Notes
Turn   | Place    | Note
-------+----------+-------------------------------------------
     0 | D:1      | IEatYoBabies the Troll Fighter began the quest for the Orb.
     0 | D:1      | Reached XP level 1. HP: 22/22 MP: 0/0
   153 | D:1      | Reached XP level 2. HP: 29/29 MP: 1/1
   329 | D:1      | Reached XP level 3. HP: 36/36 MP: 2/2
   934 | D:2      | Noticed Natasha
   940 | D:2      | Killed Natasha
   941 | D:2      | Reached XP level 4. HP: 44/44 MP: 3/3
   986 | D:2      | Found a bloodstained altar of Trog.
  1050 | D:2      | Noticed Terence
  1058 | D:2      | Killed Terence
  1083 | D:2      | Identified the +6 quarterstaff of Integrity {vorpal, Will+}
  1139 | D:2      | Noticed Natasha
  1172 | D:2      | Killed Natasha
  1173 | D:2      | Reached skill level 3 in Unarmed Combat
  1196 | D:2      | Reached XP level 5. HP: 52/52 MP: 4/4
  1284 | D:2      | Noticed Jessica
  1294 | D:2      | Killed Jessica
  1303 | D:2      | Found a faded altar of an unknown god.
  1574 | D:2      | Noticed Natasha
  1580 | D:2      | Killed Natasha
  1660 | D:3      | Noticed Robin
  1680 | D:3      | Killed Robin
  1735 | D:3      | Noticed Ijyb
  1809 | D:3      | Reached XP level 6. HP: 61/61 MP: 5/5
  1872 | D:3      | Reached skill level 4 in Unarmed Combat
  1952 | D:3      | Killed Ijyb
  2230 | D:3      | Noticed Grinder
  2244 | D:3      | Killed Grinder
  2245 | D:3      | Reached skill level 1 in Stealth
  2245 | D:3      | Reached XP level 7. HP: 67/67 MP: 6/6
  2882 | D:4      | Found a staircase to the Ecumenical Temple.
  3368 | Temple   | Entered the Ecumenical Temple
  3792 | Temple   | Became a worshipper of Uskayaw the Reveller
  3829 | D:5      | Entered Level 5 of the Dungeon
  3853 | D:5      | Reached * piety under Uskayaw
  3856 | D:5      | Reached skill level 5 in Unarmed Combat
  3883 | D:5      | Reached ** piety under Uskayaw
  3988 | D:5      | Reached XP level 8. HP: 78/78 MP: 7/7
  4028 | D:5      | Noticed Eustachio
  4048 | D:5      | Killed Eustachio
  4049 | D:5      | Reached skill level 5 in Dodging
  4133 | D:5      | Noticed Blork the orc
  4275 | D:5      | Killed Blork the orc
  4276 | D:5      | Reached skill level 1 in Invocations
  4287 | D:5      | You fall into a shaft and drop 1 floor!
  4466 | D:5      | Noticed a hornet
  4467 | D:5      | Paralysed by a hornet for 2 turns
  4475 | D:5      | Killed a hornet
  4475 | D:5      | Reached *** piety under Uskayaw
  4476 | D:5      | Reached skill level 6 in Unarmed Combat
  4636 | D:6      | Noticed Edmund
  4659 | D:6      | Killed Edmund
  4763 | D:6      | Reached XP level 9. HP: 79/85 MP: 9/9
  4766 | D:6      | Reached **** piety under Uskayaw
  4773 | D:6      | Found a sand-covered staircase.
  4778 | Ossuary  | Entered an ossuary
  5202 | D:6      | Reached skill level 5 in Shields
  5308 | D:6      | Reached skill level 7 in Unarmed Combat
  5459 | D:6      | Reached skill level 1 in Evocations
  5989 | D:6      | Reached skill level 5 in Fighting
  6071 | D:6      | Identified the +5 plate armour of the Valley of Death
                  | {Regen+ Dex+3}
  6479 | D:7      | Noticed Menkaure
  6503 | D:8      | Found a flagged portal.
  6514 | Bailey   | Entered a bailey
  6617 | Bailey   | Noticed an orc knight
  6622 | Bailey   | Slain by an orc warrior

Illustrated notes

Levels and vault maps discovered:
D:1:      heliophobic_arrival_enchanted_forest, layout_loops_ring,
          serial_forest, infiniplex_forest_join,
          infiniplex_forest_clump_diagonal, infiniplex_forest_straight_5,
          infiniplex_forest_lined_3, minmay_hexomino_u4
D:2:      layout_basic, shapermc_ecumenical_altar_acropolis, basic_altar,
          minmay_liquid_box, uniq_jessica, uniq_natasha, uniq_terence
D:3:      layout_loops_corners, item_on_display_a, uniq_grinder, uniq_ijyb,
          uniq_robin
D:4:      layout_basic, minmay_temple_entry_sparse_star,
          kennysheep_generic_room_9
D:5:      layout_gridville, uniq_blork_the_orc, uniq_eustachio
D:6:      kennysheep_housing_project, layout_loops_cross, enter_ossuary_2,
          uniq_edmund
D:7:      layout_basic, uniq_menkaure
D:8:      minmay_gate_of_8, layout_rooms, enter_bailey_3, kennysheep_doodads
Temple:   mainiacjoe_temple_trianglar_array
Bailey:   bailey_polearm_elven_captive_hellmonk, bailey

Skill      XL: |  1  2  3  4  5  6  7  8  9 |
---------------+----------------------------+-----
Dodging        | 3 4 5 6 |  6.0
Shields        | 3 4 5 |  5.7
Unarmed Combat | 3 4 5 6 7 |  7.6
Fighting       | 3 4 5 |  5.0
Stealth        | 1 2 |  2.3
Invocations    | 2 3 |  3.4
Evocations     | 1 |  1.4

Action                   |  1- 3 |  4- 6 |  7- 9 || total
-------------------------+-------+-------+-------++-------
Melee: Unarmed           |    80 |   181 |   410 ||   671
Throw: Throwing net      |       |     1 |       ||     1
Evoke: Wand              |       |     4 |    14 ||    18
  Use: Scroll            |       |       |    10 ||    10
       Potion            |       |       |     2 ||     2
 Stab: Sleeping          |     2 |     2 |     2 ||     6
       Paralysed         |       |     5 |    13 ||    18
       Held in net/web   |       |     1 |       ||     1
Armor: Robe              |    20 |    53 |   103 ||   176
       Skin              |       |       |     3 ||     3
Dodge: Dodged            |    30 |    49 |   137 ||   216
Block: Kite shield       |    23 |    45 |   194 ||   262

Table legend: (Time is in decaauts)
 A = Elapsed time spent in this place.
 B = Non-inter-level travel time spent in this place.
 C = Inter-level travel time spent in this place.
 D = Time resting spent in this place.
 E = Time spent auto-exploring this place.
 F = Levels seen in this place.
 G = Mean time per level.
                   A        B        C        D        E       F      G
               +--------+--------+--------+--------+--------+-----+--------+
         Total |   6651 |   6397 |    254 |    117 |   4648 |  11 |  604.6 |
       Dungeon |   5700 |   5492 |    208 |     70 |   3977 |   8 |  712.5 |
        Temple |    447 |    401 |     46 |      0 |    397 |   1 |  447.0 |
       Ossuary |    396 |    396 |      0 |      0 |    274 |   1 |  396.0 |
        Bailey |    107 |    107 |      0 |     47 |      0 |   1 |  107.0 |
               +--------+--------+--------+--------+--------+-----+--------+

Top non-repeatable levels by time:
     D:6: 1252 daAuts
     D:3: 1012 daAuts
     D:1: 878 daAuts
     D:4: 796 daAuts
     D:5: 726 daAuts
     D:2: 724 daAuts
  Temple: 447 daAuts
 Ossuary: 396 daAuts
     D:7: 289 daAuts
  Bailey: 107 daAuts
     D:8: 21 daAuts
